Map: Prion Terraces

Players

ILLBdA

  • Race: Protoss Protoss
  • League: Diamond

Starcym - Winner!

  • Race: Terran Terran
  • League: Platinum

VOD

Have the link to the VOD?

Description

Time

  • Played on: Dec. 23, 2015, 9:25 a.m.
  • Length: 11:55
Show
View Real Time Build Order
Export as new Build Order

ILLBdA Protoss 

Build Orders: 1 Gate Expand, Blink Stalkers 

Get SALT Encoding   

  12  0:01  Probe (Chrono Boost)  
  13  0:12  Probe (Chrono Boost)  
  14  0:17  Pylon  
  14  0:22  Probe (Chrono Boost)  
  15  0:35  Probe (Chrono Boost)  
  16  0:38  Gateway  
  16  0:46  Probe (Chrono Boost)  
  17  0:56  Probe (Chrono Boost)  
  18  1:07  Probe (Chrono Boost)  
  19  1:14  Nexus  
  19  1:21  Assimilator  
  19  1:26  Probe (Chrono Boost), Assimilator  
  20  1:35  Cybernetics Core  
  20  1:38  Probe (Chrono Boost)  
  21  1:49  Probe (Chrono Boost)  
  21  1:51  Cybernetics Core  
  22  1:55  Pylon  
  22  2:00  Probe (Chrono Boost)  
  23  2:12  Warp Gate  
  23  2:13  Stalker (Chrono Boost)  
  25  2:16  Pylon  
  25  2:17  Probe  
  26  2:24  Mothership Core  
  26  2:29  Probe  
  29  2:41  Probe  
  29  2:44  Probe  
  30  2:49  Stalker (Chrono Boost)  
  33  2:53  Probe  
  33  2:58  Twilight Council  
  34  3:02  Probe  
  34  3:05  Probe  
  36  3:13  Probe  
  36  3:17  Probe  
  38  3:23  Probe, Robotics Facility  
  38  3:26  Assimilator  
  39  3:28  Assimilator  
  39  3:29  Probe  
  40  3:34  Probe (Chrono Boost)  
  41  3:43  Blink  
  43  4:01  Pylon  
  43  4:03  Probe (Chrono Boost)  
  43  4:09  Gateway x2  
  44  4:10  Gateway  
  44  4:12  Observer  
  45  4:20  Probe (Chrono Boost)  
  44  4:27  Stalker  
  46  4:32  Gateway  
  46  4:34  Gateway  
  46  4:36  Pylon  
  46  4:38  Immortal  
  50  4:51  Stalker  
  52  5:07  Stalker x3  
  58  5:15  Stalker  
  58  5:17  Immortal  
  64  5:30  Probe (Chrono Boost)  
  64  5:31  Pylon  
  64  5:32  Stalker x2  
  69  5:48  Pylon  
  69  5:49  Stalker x2  
  73  5:50  Stalker  
  73  5:56  Warp Prism  
  77  6:07  Stalker x2  
  81  6:30  Probe (Chrono Boost)  
  81  6:31  Probe (Chrono Boost)  
  81  6:32  Pylon  
  83  6:35  Stalker  
  85  6:56  Adept x3  
  85  6:57  Adept  
  93  7:11  Pylon  
  93  7:12  Pylon  
  93  7:18  Probe (Chrono Boost)  
  94  7:26  Forge  
  94  7:31  Stalker x2  
  94  7:32  Stalker x2, Nexus  
  94  7:35  Pylon  
  94  7:36  Stalker  
  94  7:37  Stalker  
  106  7:46  Probe (Chrono Boost)  
  106  7:50  Protoss Ground Armor Level 1 (Chrono Boost)  
  107  7:51  Observer  
  107  7:57  Stalker x3  
  114  8:16  Pylon  
  114  8:22  Pylon  
  113  8:36  Stalker  
  113  8:37  Stalker x2  
  108  8:51  Stalker  
  108  8:59  Probe  
  108  9:01  Probe  
  108  9:02  Probe  
  110  9:05  Robotics Facility  
  110  9:06  Assimilator  
  111  9:10  Probe  
  111  9:13  Stalker x4  
  120  9:22  Probe  
  120  9:23  Protoss Ground Armor Level 2  
  121  9:29  Pylon  
  121  9:30  Pylon  
  121  9:31  Probe  
  121  9:32  Pylon  
  121  9:33  Probe x2  
  124  9:42  Probe  
  124  9:45  Mothership Core, Probe  
  127  10:06  Stalker  
  127  10:07  Stalker x3  
  135  10:16  Immortal (Chrono Boost)  
  139  10:23  Templar Archives  
  139  10:24  Probe  
  139  10:26  Probe x2  
  142  10:32  Assimilator  
  142  10:35  Probe  
  142  10:38  Probe  
  142  10:39  Probe  
  145  10:44  Pylon  
  145  10:45  Probe  
  146  10:50  Probe  
  145  11:02  High Templar x4  
  145  11:03  High Templar x2  
  157  11:08  Observer (Chrono Boost)  
  158  11:13  Pylon  
  158  11:20  Gateway  
  158  11:22  Gateway x2  
  158  11:40  Stalker x5  
  158  11:41  Stalker  
Show
View Real Time Build Order
Export as new Build Order

Starcym Terran - Winner!

Build Orders: Bio Tank, MMM Bio 

Get SALT Encoding   

  12  0:01  SCV  
  13  0:15  SCV  
  13  0:19  Supply Depot  
  14  0:27  SCV  
  15  0:41  SCV  
  16  0:44  Barracks  
  16  0:48  Refinery  
  16  0:53  SCV  
  17  1:05  SCV  
  18  1:18  SCV  
  19  1:34  Orbital Command  
  19  1:41  Command Center  
  19  1:45  Barracks Reactor  
  19  1:54  Supply Depot  
  19  2:01  SCV  
  20  2:08  Barracks  
  20  2:13  SCV  
  21  2:22  Marine x2  
  23  2:26  SCV  
  24  2:39  Marine x2  
  24  2:40  SCV  
  27  2:52  SCV  
  27  2:53  Orbital Command  
  27  2:56  Barracks Tech Lab  
  28  3:01  Factory, Marine x2  
  28  3:05  SCV  
  31  3:17  SCV  
  32  3:21  Concussive Shells  
  32  3:22  Marauder, Marine x2  
  32  3:25  Engineering Bay  
  37  3:27  SCV  
  37  3:29  SCV  
  37  3:33  Supply Depot  
  38  3:39  SCV  
  38  3:41  Marine x2  
  39  3:46  SCV  
  39  3:47  Widow Mine  
  44  3:48  Supply Depot  
  44  3:51  SCV  
  45  3:58  Missile Turret  
  45  3:59  Missile Turret  
  45  4:00  SCV  
  46  4:03  SCV  
  46  4:07  Stimpack  
  47  4:12  SCV, Refinery  
  47  4:15  SCV  
  49  4:19  Factory  
  49  4:24  SCV  
  49  4:27  SCV  
  51  4:32  Barracks  
  51  4:36  SCV  
  52  4:39  SCV  
  52  4:41  Marine x2  
  52  4:42  Marauder  
  57  4:48  SCV  
  57  4:51  SCV  
  57  4:52  Terran Infantry Armor Level 1, Refinery  
  59  5:00  SCV  
  59  5:02  Factory Reactor  
  59  5:03  Marine x2  
  62  5:10  Barracks  
  62  5:12  Factory Tech Lab  
  62  5:15  Command Center  
  62  5:18  Supply Depot, SCV x2  
  64  5:30  SCV x2  
  64  5:33  Barracks Reactor  
  66  5:41  Supply Depot  
  66  5:42  Supply Depot, SCV x2  
  68  5:44  Marauder  
  70  5:51  Starport  
  70  5:54  SCV x2  
  72  5:58  Supply Depot, Factory Tech Lab  
  72  6:00  Barracks Tech Lab  
  72  6:06  Supply Depot, Refinery  
  72  6:07  SCV x2  
  74  6:12  Combat Shields, Marauder  
  74  6:13  Marine x2  
  74  6:14  Marine  
  74  6:15  Marine  
  80  6:19  SCV  
  81  6:32  Marine x2  
  84  6:33  Siege Tank  
  84  6:34  Medivac  
  84  6:35  Medivac  
  84  6:37  SCV  
  91  6:42  Marine  
  91  6:43  Marauder, Marine x2  
  91  6:46  SCV  
  97  6:50  Marine  
  97  6:52  Marine  
  99  6:57  Terran Infantry Weapons Level 1  
  99  7:00  Marine  
  102  7:01  Marauder  
  102  7:02  Orbital Command  
  102  7:04  Marauder, Medivac  
  106  7:17  Marine  
  106  7:18  Marine x3  
  106  7:19  SCV  
  113  7:23  Marauder  
  113  7:26  Marauder  
  115  7:34  Siege Tank  
  115  7:35  Marine x2  
  115  7:36  Medivac  
  122  7:41  Bunker  
  124  7:44  Marauder  
  124  7:48  Marine  
  124  7:49  Armory  
  125  7:52  Marauder, Marine  
  125  7:54  Marine x2  
  125  7:56  Supply Depot  
  132  8:05  Marauder  
  132  8:06  Marine  
  132  8:10  Marine  
  132  8:12  Marine  
  134  8:14  Marauder  
  134  8:15  Supply Depot, Marine  
  71  8:20  Medivac  
  137  8:24  Marine  
  142  8:27  Marine, Marauder  
  142  8:30  Marine  
  142  8:33  Marine  
  145  8:35  Marauder  
  145  8:48  Marauder  
  146  8:51  Orbital Command  
  146  8:52  Marine x3  
  149  8:57  Marauder  
  149  8:59  Marine  
  149  9:00  Siege Tank x2  
  156  9:10  Marine  
  156  9:14  Marine  
  156  9:15  Marauder  
  160  9:18  Medivac, Marauder  
  160  9:19  SCV, Marine  
  164  9:32  Marine  
  164  9:33  Refinery, Marine x2  
  164  9:36  Marine, Siege Tank, Marauder  
  164  9:37  Refinery  
  173  9:40  Missile Turret  
  173  9:42  Barracks  
  173  9:45  Barracks  
  173  9:46  Supply Depot x2, Marauder  
  173  9:47  Supply Depot  
  173  9:50  Marine x2  
  173  9:51  Marine  
  178  9:58  Marauder  
  173  10:00  Marine  
  173  10:03  SCV  
  167  10:08  Marine x2, Marauder  
  171  10:18  Marine x2  
  171  10:19  Marauder  
  171  10:20  SCV  
  176  10:25  SCV x2  
  176  10:26  Marine x2  
  180  10:29  Marauder  
  180  10:31  Barracks Reactor  
  180  10:32  SCV, Barracks Tech Lab  
  183  10:37  SCV  
  183  10:40  Marauder  
  186  10:50  Marauder  
  186  10:54  Marine x2  
  186  10:55  Marauder, Marine  
  193  11:04  Marauder, Marine  
  193  11:05  Medivac x2  
Tags
 
Add a new tag
Caveats
  • Supply blocks, unpowered buildings, or Contaminate may cause inaccurate times.
  • Supply counts are checked every 10 seconds.